 Dungeon Crawl Stone Soup version 0.27-a0-531-gb72ec1a1b6 (webtiles) character file.

Game seed: 14356155975884448047

3262 Drazool the Skirmisher (level 9, -1/72 HPs)
             Began as a Demonspawn Monk on Mar 5, 2021.
             Was an Initiate of Ru.
             Killed from afar by an electric eel (12 damage)
             ... with a bolt of electricity
             ... on level 8 of the Dungeon.
             The game lasted 00:23:18 (7084 turns).

Drazool the Skirmisher (Demonspawn Monk)            Turns: 7084, Time: 00:23:19

Health: -1/72      AC:  8    Str: 14    XL:     9   Next: 68%
Magic:  18/18      EV: 16    Int: 13    God:    Ru [......]
Gold:   409        SH:  7    Dex: 15    Spells: 8/8 levels left

rFire    . . .     SeeInvis +   c - +1 short sword (speed)
rCold    . . .     Faith    .   D - +2 buckler
rNeg     . . .     Spirit   .   t - +0 acid dragon scales
rPois    .         Reflect  .   (no helmet)
rElec    .         Harm     .   (no cloak)
rCorr    +         Rampage  .   f - +0 pair of gloves
Will     .....                  (no boots)
Stlth    +.........             l - amulet of regeneration
HPRegen  1.22/turn              z - ring of magical power
MPRegen  0.32/turn              s - ring of see invisible

@: no status effects
A: hooves 2, repulsion field 2, powered by death 1, magic regeneration
a: Renounce Religion


You were on level 8 of the Dungeon.
You worshipped Ru.
Ru was noncommittal.
You visited 2 branches of the dungeon, and saw 9 of its levels.

You collected 409 gold pieces.

Inventory:

Hand Weapons
 a - a +0 falchion
 b - a +2 trident of pain
 c - a +1 short sword of speed (weapon)
Armour
 f - a +0 pair of gloves (worn)
 t - +0 acid dragon scales (worn)
 D - a +2 buckler (worn)
Jewellery
 i - a ring of resist corrosion
 l - an amulet of regeneration (around neck)
 o - a ring of ice
 s - a ring of see invisible (right hand)
 z - a ring of magical power (left hand)
Wands
 j - a wand of polymorph (5)
 x - a wand of acid (8)
Scrolls
 d - 5 scrolls of fear
 e - a scroll of noise
 p - 3 scrolls of magic mapping
 r - a scroll of fog
 u - a scroll of enchant weapon
 y - 2 scrolls of random uselessness
 A - a scroll of teleportation
 B - 3 scrolls of identify
 C - a scroll of immolation {unknown}
 G - a scroll of enchant armour {unknown}
Potions
 g - a potion of mutation
 m - 2 potions of resistance
 n - 2 potions of cancellation
 v - a potion of haste
 w - a potion of curing
 E - 2 potions of attraction
 F - a potion of berserk rage


   Skills:
 + Level 7.5 Fighting
 + Level 6.8 Long Blades
 + Level 6.1 Armour
 - Level 4.0 Dodging
 - Level 1.7 Stealth
 + Level 5.3 Shields


You had 8 spell levels left.
You didn't know any spells.
Your spell library contained the following spells:

 Spells                   Type           Power      Damage    Failure   Level
 Animate Skeleton         Necr           0%         N/A       38%         1
 Apportation              Tloc           0%         N/A       38%         1
 Corona                   Hex            0%         N/A       38%         1
 Summon Small Mammal      Summ           0%         N/A       38%         1


Dungeon Overview and Level Annotations

Branches:
Dungeon (8/15)             Temple (1/1) D:7
   Lair: D:8-11

Altars:
Ashenzari
Cheibriados
Dithmenos
Elyvilon
Kikubaaqudgha
Okawaru
Qazlal
Ru
Sif Muna
Trog
Xom
Yredelemnul
Zin
The Shining One


Innate Abilities, Weirdness & Mutations

You have hoof-like feet.
You are surrounded by a moderate repulsion field. (EV +3)
You regenerate a little health from kills.
You regenerate magic rapidly.


Message History

Aim: an electric eel (44% to hit)
You throw a curare-tipped dart.
The curare-tipped dart barely misses the electric eel.
You hear a splash.
The electric eel shoots out a bolt of lightning at you!
The bolt of electricity misses you.
An electric eel comes into view.
The electric eel shoots out a bolt of lightning at you!
The bolt of electricity hits you.
The electric eel shoots out a bolt of lightning at you!
The bolt of electricity hits you!
The electric eel shoots out a bolt of lightning at you!
The bolt of electricity hits you!
The electric eel shoots out a bolt of lightning at you!
The bolt of electricity hits you.
The hound barks!
You hit the electric eel. Your kick misses the electric eel.
The electric eel is lightly wounded.
The electric eel shoots out a bolt of lightning at you!
The bolt of electricity hits you!
You hit the electric eel. Your kick misses the electric eel.
The electric eel is lightly wounded.
The electric eel shoots out a bolt of lightning at you!
The bolt of electricity hits the electric eel.
The electric eel completely resists.
The bolt of electricity hits you!
You closely miss the electric eel. Your kick misses the electric eel.
The electric eel is lightly wounded.
You hit the electric eel. You kick the electric eel.
The electric eel is moderately wounded.
The electric eel shoots out a bolt of lightning at you!
The bolt of electricity hits you!
* * * LOW HITPOINT WARNING * * *
The electric eel shoots out a bolt of lightning at you!
The bolt of electricity hits you!
* * * LOW HITPOINT WARNING * * *
The bolt of electricity hits the electric eel.
The electric eel completely resists.
The electric eel shoots out a bolt of lightning at you!
The bolt of electricity hits you!
You die...

#.#####...#.......#
#(....)...........# ####
#######...........##.....
#..........#.....<...#
#.#####.........#.##.#
..................#
............###)##(#
≈...≈≈.h...####.# #
≈.≈.≈≈≈....@....#
≈.≈.≈≈≈.;≈.######
≈≈≈.≈≈≈≈...# ≈≈.≈≈≈..;.#
≈≈.≈≈.≈≈..# ≈....≈≈≈..#
.≈.≈≈≈≈≈≈.# .≈..≈≈≈≈≈≈#


You could see a hound and 2 electric eels.

Vanquished Creatures
  A two-headed ogre (D:7)
  A troll (D:8)
  A wraith (D:7)
  Sigmund (D:2)
  An acid dragon (D:7)
  Menkaure (D:6)
  Duvessa (D:6)
  A sky beast (D:6)
  2 orc warriors
  2 ogres
  2 centaurs
  2 phantoms
  A kobold brigand (D:8)
  A bullfrog (D:7)
  A gnoll sergeant (D:5)
  Dowan (D:6)
  A howler monkey (D:7)
  A jelly (D:8)
  An orc priest (D:8)
  A centaur zombie (D:6)
  5 hounds
  4 worker ants
  4 orc wizards
  A hound zombie (D:6)
  2 hound skeletons (D:7)
  A worker ant zombie (D:4)
  7 adders
  6 gnolls
  A white imp (D:7)
  An ooze (D:1)
  An adder skeleton (D:7)
  2 worms (D:3)
  2 dart slugs
  3 leopard geckos
  17 orcs
  3 giant cockroaches
  9 goblins
  5 hobgoblins
  14 jackals
  2 quokkas
  3 ball pythons
  9 bats
  4 frilled lizards
  6 kobolds
  A leopard gecko skeleton (D:4)
  2 quokka skeletons (D:5)
  A quokka zombie (D:3)
  2 rats
142 creatures vanquished.

Vanquished Creatures (others)
  A fungus (D:2)
1 creature vanquished.

Grand Total: 143 creatures vanquished

Notes
Turn   | Place    | Note
-------+----------+-------------------------------------------
     0 | D:1      | Drazool the Demonspawn Monk began the quest for the Orb.
     0 | D:1      | Reached XP level 1. HP: 18/18 MP: 1/1
   385 | D:1      | Gained mutation: You regenerate a little health from kills.
                  | [demonic ancestry]
   385 | D:1      | Reached XP level 2. HP: 24/24 MP: 2/2
   859 | D:1      | Reached skill level 1 in Armour
  1116 | D:1      | Reached XP level 3. HP: 20/29 MP: 3/3
  1601 | D:2      | Noticed Sigmund
  1654 | D:2      | Gained mutation: You have large cloven feet. [demonic
                  | ancestry]
  1654 | D:2      | Reached XP level 4. HP: 29/35 MP: 4/4
  2167 | D:2      | Killed Sigmund
  2168 | D:2      | Reached skill level 4 in Fighting
  2168 | D:2      | Gained mutation: You are surrounded by a mild repulsion
                  | field. (EV +2) [demonic ancestry]
  2168 | D:2      | Reached XP level 5. HP: 29/42 MP: 5/5
  2761 | D:3      | Gained mutation: You have hoof-like feet. [demonic
                  | ancestry]
  2761 | D:3      | Reached XP level 6. HP: 48/48 MP: 6/6
  2872 | D:3      | Found a shadowy altar of Dithmenos.
  4053 | D:5      | Entered Level 5 of the Dungeon
  4215 | D:5      | Reached skill level 1 in Shields
  4224 | D:5      | Reached XP level 7. HP: 46/55 MP: 7/7
  4913 | D:6      | Reached skill level 5 in Fighting
  5022 | D:6      | Noticed Menkaure
  5034 | D:6      | Killed Menkaure
  5307 | D:6      | Noticed Duvessa
  5307 | D:6      | Noticed Dowan
  5320 | D:6      | Killed Duvessa
  5321 | D:6      | Reached skill level 5 in Long Blades
  5321 | D:6      | Gained mutation: You are surrounded by a moderate repulsion
                  | field. (EV +3) [demonic ancestry]
  5321 | D:6      | Reached XP level 8. HP: 53/63 MP: 8/8
  5340 | D:6      | Killed Dowan
  5861 | D:7      | Reached skill level 6 in Fighting
  5934 | D:7      | Found a staircase to the Ecumenical Temple.
  5940 | Temple   | Entered the Ecumenical Temple
  5998 | Temple   | Became a worshipper of Ru the Awakened
  6081 | D:7      | Found a snail-covered altar of Cheibriados.
  6235 | D:7      | Noticed a two-headed ogre
  6373 | D:7      | Reached skill level 5 in Armour
  6469 | D:7      | Killed a two-headed ogre
  6470 | D:7      | Reached skill level 7 in Fighting
  6470 | D:7      | Gained mutation: You regenerate magic rapidly. [demonic
                  | ancestry]
  6470 | D:7      | Reached XP level 9. HP: 40/72 MP: 9/9
  6898 | D:8      | Identified the +1 robe "Ciadipos" {Dex+2}
  6946 | D:8      | Noticed a troll
  6989 | D:8      | Reached skill level 5 in Shields
  7007 | D:8      | Killed a troll
  7084 | D:8      | Killed from afar by an electric eel

Illustrated notes

Levels and vault maps discovered:
D:1:      erik_arrival_orb_chamber, layout_basic
D:2:      layout_loops_ring, elyvilon_altar_1, uniq_sigmund
D:3:      layout_basic, grunt_dithmenos_smoke, serial_corexii_hall,
          corexii_hall_statues_i, chequers_hall_statues_corner_a,
          chequers_hall_statues_y, corexii_hall_statues_x,
          chequers_hall_statues_wall_a, chequers_hall_statues_y,
          guppyfry_early_orc_mine
D:4:      layout_basic
D:5:      layout_loops_corners
D:6:      layout_basic, uniq_duvessa, uniq_menkaure
D:7:      layout_basic, lemuel_round_altar, minmay_temple_entry_ruins,
          kb_rosetta
D:8:      layout_loops_ring, erik_lair_island
Temple:   regret_index_temple_chain_breaker

Skill      XL: |  1  2  3  4  5  6  7  8  9 |
---------------+----------------------------+-----
Long Blades    | 3 4 5 6 |  6.8
Armour         | 1 2 3 4 5 6 |  6.1
Dodging        | 3 4 |  4.0
Fighting       | 4 5 7 |  7.5
Shields        | 1 2 4 5 |  5.3
Stealth        | |  1.7

Action                   |  1- 3 |  4- 6 |  7- 9 || total
-------------------------+-------+-------+-------++-------
Melee: Short sword       |   120 |   209 |   614 ||   943
       Falchion          |     5 |       |       ||     5
       Kick              |       |    63 |   195 ||   258
Throw: Dart              |     2 |     1 |     6 ||     9
Invok: Reject Sacrifices |       |       |     1 ||     1
  Use: Scroll            |     5 |     3 |    11 ||    19
       Potion            |       |     1 |     4 ||     5
 Stab: Sleeping          |     3 |       |       ||     3
Armor: Robe              |    20 |     2 |       ||    22
       Ring mail         |       |    29 |    28 ||    57
       Acid dragon scale |       |       |    49 ||    49
Dodge: Dodged            |    71 |    96 |   237 ||   404
Block: Buckler           |       |     7 |   109 ||   116
       Rpst.: Falchion   |     1 |       |       ||     1

Table legend: (Time is in decaauts)
 A = Elapsed time spent in this place.
 B = Non-inter-level travel time spent in this place.
 C = Inter-level travel time spent in this place.
 D = Time resting spent in this place.
 E = Time spent auto-exploring this place.
 F = Levels seen in this place.
 G = Mean time per level.
                   A        B        C        D        E       F      G
               +--------+--------+--------+--------+--------+-----+--------+
         Total |   6747 |   6501 |    246 |     28 |   5046 |   9 |  749.7 |
       Dungeon |   6668 |   6436 |    232 |     28 |   4989 |   8 |  833.5 |
        Temple |     79 |     65 |     14 |      0 |     57 |   1 |   79.0 |
               +--------+--------+--------+--------+--------+-----+--------+

Top non-repeatable levels by time:
     D:1: 1269 daAuts
     D:2: 975 daAuts
     D:4: 916 daAuts
     D:6: 901 daAuts
     D:7: 839 daAuts
     D:5: 791 daAuts
     D:3: 769 daAuts
     D:8: 204 daAuts
  Temple: 79 daAuts
